 Dungeon Crawl Stone Soup version 0.31.0-32-g396128a36d (webtiles) character file.

Game seed: 3575980440104827517

85 NotPositiveXP the Sneak (level 4, -2/27 HPs)
             Began as a Kobold Brigand on Apr 11, 2024.
             Killed by divine providence
             ... invoked by an orc priest
              (11 damage)
             ... on level 3 of the Dungeon.
             The game lasted 00:10:26 (1490 turns).

NotPositiveXP the Sneak (Kobold Brigand)            Turns: 1490, Time: 00:10:27

Health: -2/27      AC:  8    Str:  8    XL:     4   Next: 75%
Magic:  4/4        EV: 14    Int: 12    God:
Gold:   129        SH:  4    Dex: 18    Spells: 3/3 levels left

rFire   . . .        a - +2 dagger
rCold   . . .        f - +0 buckler
rNeg    . . .        b - +0 robe
rPois   .            (no helmet)
rElec   .            c - +0 cloak
rCorr   .            m - +1 pair of gloves
SInv    .            g - +2 pair of boots
Will    .....        (no amulet)
Stlth   +++++        (no ring)
HPRegen 0.24/turn    (no ring)
MPRegen 0.09/turn

%: no passive effects
@: no status effects
A: small, no large weapons, nightstalker 3
a: no special abilities


You were on level 3 of the Dungeon.
You visited 1 branch of the dungeon, and saw 3 of its levels.

You collected 129 gold pieces.

Inventory:

Hand Weapons
 a - a +2 dagger (weapon)
 j - a +0 short sword
 n - a +1 short sword of venom
Missiles
 d - 9 poisoned darts (quivered)
 e - 3 curare-tipped darts
Armour
 b - a +0 robe (worn)
 c - a +0 cloak (worn)
 f - a +0 buckler (worn)
 g - a +2 pair of boots (worn)
 m - a +1 pair of gloves (worn)
Talismans
 o - a flux talisman
Scrolls
 h - 3 scrolls of identify
 k - a scroll of teleportation {unknown}
 l - a scroll of amnesia {unknown}
 p - a scroll of fog {unknown}
Potions
 i - 2 potions of curing
 q - a potion of resistance {unknown}
 r - a potion of brilliance {unknown}


   Skills:
 + Level 2.4 Fighting
 + Level 3.6 Short Blades
 + Level 2.2 Throwing
 + Level 2.0 Dodging
 + Level 7.1 Stealth


You had 3 spell levels left.
You didn't know any spells.
Your spell library contained the following spells:

 Spells                   Type           Power      Damage    Failure   Level
 Dazzling Flash           Conj/Hex       0%         N/A       85%         3
 Mephitic Cloud           Conj/Alch/Air  0%         N/A       85%         3
 Curse of Agony           Necr           0%         N/A       100%        5
 Silence                  Hex/Air        0%         N/A       100%        5


Dungeon Overview and Level Annotations

Branches:
Dungeon (3/15)

Altars:
Trog


Innate Abilities, Weirdness & Mutations

You are small and have problems with some larger weapons.
You are completely attuned to the shadows.


Message History

The helpless endoplasm fails to defend itself.
You stick the endoplasm like a pincushion!!!
You kill the endoplasm!
Found a stone staircase leading down.
An orc comes into view.
It is wielding a +1 hand axe of freezing.
The orc shouts!
An orc wizard comes into view. It is wielding a +0 dagger.
The orc wizard shouts!
You hit the orc.
The orc is severely wounded.
You hear a shout!
The orc hits you but does no damage.
You hit the orc.
You kill the orc!
The orc wizard gestures at you while chanting.
You resist with some effort.
An orc priest comes into view. It is wielding a +0 falchion.
The orc priest miscasts a cantrip.
You see here a +1 hand axe of freezing.
You hit the orc wizard.
The orc wizard is moderately wounded.
The orc wizard casts a spell.
The orc wizard flickers and vanishes!
Deactivating autopickup; reactivate with Ctrl-A.
You hit something. Something barely misses you.
You closely miss something. Something hits you but does no damage.
You miss something. Something hits you.
You hit something but do no damage. You barely miss something.
Something hits you but does no damage.
You hit something. Something barely misses you.
You miss something. Something hits you but does no damage.
You miss something.
The orc priest invokes the aid of Beogh against you.
Beogh smites you!
Ouch! That really hurt!
Something hits you but does no damage. Something hits you but does no damage.
The orc priest calls down the wrath of Beogh upon you.
Beogh smites you!
You die...

#.....#### #..#......
###.###### ##
###################
..o.)@............#
#################.####
#..... ######


You could see an orc priest.

Vanquished Creatures
  An adder (D:2)
  A dart slug (D:1)
  3 ribbon worms (D:2)
  An orc (D:3)
  11 endoplasms
  4 giant cockroaches (D:1)
  3 goblins
  6 hobgoblins
  4 jackals (D:1)
  3 quokkas
  4 ball pythons (D:1)
  6 bats
  3 frilled lizards (D:1)
  7 kobolds
  2 rats (D:1)
59 creatures vanquished.

Notes
Turn   | Place    | Note
-------+----------+-------------------------------------------
     0 | D:1      | NotPositiveXP the Kobold Brigand began the quest for the
                  | Orb.
     0 | D:1      | Reached XP level 1. HP: 12/12 MP: 1/1
    78 | D:1      | Reached XP level 2. HP: 11/17 MP: 2/2
   102 | D:1      | Reached skill level 6 in Stealth
   292 | D:1      | Reached XP level 3. HP: 21/21 MP: 3/3
   740 | D:2      | Reached XP level 4. HP: 27/27 MP: 4/4
   931 | D:2      | Found a faded altar of an unknown god.
  1237 | D:2      | Reached skill level 7 in Stealth
  1310 | D:2      | Found a bloodstained altar of Trog.
  1490 | D:3      | Killed from afar by an orc priest

Illustrated notes

Levels and vault maps discovered:
D:1:      amcnicky_arrival_gap_in_the_tavern_cellar, layout_basic,
          solitary_fountain, minmay_hexomino_c4
D:2:      layout_rooms, basic_altar, shapermc_ecumenical_altar_totnotflames
D:3:      layout_loops_ring, nicolae_kite_square_tiling_tiny, kennysheep_potato

Skill      XL: |  1  2  3  4 |
---------------+-------------+-----
Stealth        | 6 7 |  7.1
Short Blades   | 3 |  3.6
Dodging        | 2 |  2.0
Fighting       | |  2.4
Throwing       | |  2.2

Action                     |  1- 3 |  4- 6 || total
---------------------------+-------+-------++-------
  Melee: Dagger            |   105 |    67 ||   172
         Punch             |       |     2 ||     2
    Use: Scroll            |     1 |       ||     1
   Stab: Sleeping          |    17 |     5 ||    22
         Distracted        |       |     1 ||     1
 Armour: Robe              |    45 |    23 ||    68
  Dodge: Dodged            |    86 |    21 ||   107
